 Seeded DCSS version 0.30.1-4-g462c640d31 (webtiles) character file.

Game seed: 5 (custom seed)

1492 Kazon the Merchant of Misery (level 8, -4/56 (61) HPs)
             Began as a Demonspawn Necromancer on Sept 11, 2023.
             Was a Believer of Kikubaaqudgha.
             Slain by Duvessa
             ... wielding a +0 short sword
              (10 damage)
             ... on level 6 of the Dungeon.
             The game lasted 00:28:16 (3739 turns).

Kazon the Merchant of Misery (DsNe)                 Turns: 3739, Time: 00:28:16

HP:   -4/56 (61)    AC:  4    Str: 10    XL:     8   Next: 51%
MP:   21/21         EV: 12    Int: 17    God:    Kikubaaqudgha [**....]
Gold: 273           SH:  0    Dex: 20    Spells: 2/13 levels left

rFire   . . .        d - +3 battleaxe (freeze)
rCold   . . .        (shield currently unavailable)
rNeg    . . .        q - +0 leather armour
rPois   .            (helmet unavailable)
rElec   .            (no cloak)
rCorr   .            (no gloves)
SInv    +            (no boots)
Will    .....        (no amulet)
Stlth   ++           r - ring of magical power
HPRegen 0.29/turn    w - +6 ring of dexterity
MPRegen 0.17/turn

%: no passive effects
@: drained
A: antennae 3, rugged brown scales 1, powered by death 2
a: Renounce Religion, Unearth Wretches


You were on level 6 of the Dungeon.
You worshipped Kikubaaqudgha.
Kikubaaqudgha was pleased with you.
You visited 2 branches of the dungeon, and saw 7 of its levels.

You collected 273 gold pieces.

Inventory:

Hand Weapons
 c - a +0 dagger
 d - a +3 battleaxe of freezing (weapon)
 e - a +2 vampiric dagger
 f - a +0 hand axe of flaming
Missiles
 j - 5 boomerangs
 z - 29 stones
 F - a poisoned dart
Armour
 a - a +0 robe
 q - a +0 leather armour (worn)
Jewellery
 r - a ring of magical power (left hand)
 w - a +6 ring of dexterity (right hand)
 C - an amulet of guardian spirit
Wands
 A - a wand of paralysis (8)
Scrolls
 g - a scroll of fog {unknown}
 k - a scroll of blinking {unknown}
 l - a scroll of teleportation
 m - 2 scrolls of magic mapping {unknown}
 n - 2 scrolls of identify {unknown}
 o - a scroll of summoning {unknown}
 p - a scroll of enchant armour {unknown}
 x - a scroll of torment {unknown}
 y - a scroll of amnesia {unknown}
 E - a scroll of poison {unknown}
Potions
 b - 2 potions of magic
 h - a potion of resistance {unknown}
 i - 3 potions of curing {unknown}
 s - 4 potions of flight {unknown}
 t - a potion of berserk rage {unknown}
 u - 2 potions of invisibility {unknown}
 v - 2 potions of heal wounds {unknown}
 B - a potion of lignification {unknown}
 D - a potion of attraction {unknown}


   Skills:
 * Level 4.2 Fighting
 + Level 4.5 Axes
 + Level 2.4 Throwing
 + Level 2.5 Armour
 + Level 2.4 Dodging
 + Level 2.9 Stealth
 + Level 3.2 Spellcasting
 + Level 6.4 Necromancy
 * Level 2.9 Evocations


You had 2 spell levels left.
You knew the following spells:

 Your Spells              Type           Power      Damage    Failure   Level
a - Necrotise             Necr           96%        1d8       1%          1
b - Vampiric Draining     Necr           24%        2d7       4%          3
c - Animate Dead          Necr           24%        N/A       16%         4
d - Sublimation of Blood  Necr           24%        N/A       2%          2
e - Kiss of Death         Conj/Necr      52%        2d9       6%          1

Your spell library contained the following spells:

 Spells                   Type           Power      Damage    Failure   Level
 Agony                    Necr           24%        N/A       41%         5
 Frozen Ramparts          Ice            4%         1d1       56%         3
 Ignite Poison            Fire/Tmut/Pois 2%         N/A       56%         3
 Ice Form                 Ice/Tmut       2%         N/A       92%         4
 Sticky Flame             Conj/Fire      2%         2d3       92%         4
 Summon Ice Beast         Ice/Summ       2%         N/A       92%         4
 Summon Forest            Summ/Tloc      1%         N/A       99%         5
 Eringya's Noxious Bog    Tmut/Pois      1%         N/A       100%        6
 Summon Hydra             Summ           1%         N/A       100%        7
 Ignition                 Fire           1%         3d3       100%        8


Dungeon Overview and Level Annotations

Branches:
Dungeon (6/15)             Temple (1/1) D:4

Altars:
Ashenzari
Dithmenos
Fedhas
Gozag
Hepliaklqana
Kikubaaqudgha
Makhleb
Nemelex Xobeh
Okawaru
Qazlal
Ru
Trog
Uskayaw
Vehumet
Wu Jian
Xom

Annotations:
D:6 Dowan, Duvessa


Innate Abilities, Weirdness & Mutations

You have a pair of large antennae on your head. (SInv)
You are partially covered in rugged brown scales. (AC +1, +3% HP)
You regenerate health from kills.


Message History

Duvessa gestures with her weapon.
Duvessa barely misses you.
Duvessa says, "When magic and the sword combine, nothing stands against them."
Duvessa hits you with a +0 short sword.
You hit Duvessa but do no damage.
Duvessa is lightly wounded.
Duvessa completely misses you. Duvessa barely misses you.
You barely miss Duvessa.
Duvessa is lightly wounded.
Duvessa closely misses you.
Dowan gestures wildly while chanting.
Dowan blinks!
Duvessa hits you with a +0 short sword. Dowan barely misses you.
You hit Duvessa but do no damage.
Duvessa is lightly wounded.
You hit Dowan but do no damage. Duvessa barely misses you.
Dowan closely misses you. Duvessa barely misses you.
You slash Duvessa! You freeze Duvessa.
Duvessa is heavily wounded.
You barely miss Dowan. Duvessa hits you with a +0 short sword!
Dowan says, "Where the sword fails, magic succeeds!"
Dowan points at you and mumbles some strange words.
The puff of flame hits you. Duvessa hits you with a +0 short sword.
Dowan hits you with a +0 dagger.
You closely miss Duvessa.
Duvessa is heavily wounded.
You closely miss Dowan.
Duvessa looks more healthy.
Duvessa hits you with a +0 short sword. Duvessa misses you.
Dowan hits you with a +0 dagger. Duvessa barely misses you.
You hit Duvessa. You freeze Duvessa.
Duvessa is heavily wounded.
You barely miss Dowan. Duvessa hits you with a +0 short sword!
Dowan hits you but does no damage. Duvessa hits you with a +0 short sword!
* * * LOW HITPOINT WARNING * * *
Dowan hits you with a +0 dagger.
* * * LOW HITPOINT WARNING * * *
You hit Duvessa but do no damage.
Duvessa is heavily wounded.
You slash Dowan! You freeze Dowan. Duvessa hits you with a +0 short sword!
You die...
Kikubaaqudgha rasps: "You have failed me!
Welcome... death!"

##### ####'####
#...# #....#
#...# #....#
#...# #...##
#...###...# ##
#........## .#
#...)....# #.# .#
#.......e###.....
.#
#........@e.(((..
.#
#....)...##.....(
.# #........#
..... .#
##..###### ##'#
##### ##....# #
....####.....#
....##.......#
.........#...#
.....#.###...#


You could see Duvessa (fast) and Dowan.

Vanquished Creatures
  Sigmund (D:4)
  A water moccasin (D:6)
  2 black bears (D:4)
  A centaur (D:6)
  An ogre (D:5)
  2 scorpions
  A howler monkey (D:6)
  4 hounds
  A jelly (D:5)
  3 orc priests (D:6)
  6 iguanas
  4 orc wizards (D:6)
  4 gnolls (D:5)
  9 adders
  2 ufetubi
  3 worms
  14 orcs
  3 bats
  9 endoplasms
  A giant cockroach (D:1)
  12 goblins
  7 hobgoblins
  10 jackals
  3 kobolds
  3 quokkas (D:4)
  6 ball pythons
  3 frilled lizards
  3 rats
119 creatures vanquished.

Vanquished Creatures (collateral kills)
  A bat (D:2)
  A jackal (D:1)
  A rat (D:1)
3 creatures vanquished.

Grand Total: 122 creatures vanquished

Notes
Turn   | Place    | Note
-------+----------+-------------------------------------------
     0 | D:1      | Kazon the Demonspawn Necromancer began the quest for the
                  | Orb.
     0 | D:1      | Reached XP level 1. HP: 13/13 MP: 3/3
   116 | D:1      | Gained mutation: You have a pair of small antennae on your
                  | head. [demonic ancestry]
   116 | D:1      | Reached XP level 2. HP: 13/19 MP: 1/5
   127 | D:1      | Identified a scroll of acquirement
   127 | D:1      | Acquired a +3 battleaxe of freezing
   249 | D:1      | Reached skill level 5 in Necromancy
   471 | D:1      | Gained mutation: You are partially covered in rugged brown
                  | scales. (AC +1, +3% HP) [demonic ancestry]
   471 | D:1      | Reached XP level 3. HP: 19/24 MP: 4/6
   886 | D:2      | Learned a level 3 spell: Vampiric Draining
  1083 | D:2      | Reached XP level 4. HP: 30/31 MP: 7/7
  1197 | D:2      | Reached skill level 1 in Throwing
  1223 | D:2      | Reached skill level 1 in Axes
  1679 | D:3      | Found a blossoming altar of Fedhas.
  1697 | D:3      | Reached skill level 1 in Armour
  1785 | D:3      | Found a stormy altar of Qazlal.
  1955 | D:3      | Found a faded altar of an unknown god.
  2013 | D:3      | Identified the +2 sling "Qeuhanocyt" {speed, rElec Str-3
                  | Dex+2}
  2056 | D:4      | Found a staircase to the Ecumenical Temple.
  2080 | Temple   | Entered the Ecumenical Temple
  2124 | Temple   | Became a worshipper of Kikubaaqudgha
  2170 | D:4      | Noticed a black bear
  2172 | D:4      | Found a hazy altar of Hepliaklqana.
  2190 | D:4      | Killed a black bear
  2191 | D:4      | Reached skill level 1 in Fighting
  2191 | D:4      | Gained mutation: You regenerate a little health from kills.
                  | [demonic ancestry]
  2191 | D:4      | Reached XP level 5. HP: 9/38 MP: 9/9
  2199 | D:4      | Found a shadowy altar of Dithmenos.
  2199 | D:4      | Noticed a shadow
  2384 | D:4      | Gained mutation: You have a pair of antennae on your head.
                  | [demonic ancestry]
  2384 | D:4      | Reached XP level 6. HP: 32/44 MP: 10/10
  2423 | D:4      | Noticed Sigmund
  2428 | D:4      | Killed Sigmund
  2429 | D:4      | Reached skill level 1 in Evocations
  2599 | D:4      | Gained mutation: You have a pair of large antennae on your
                  | head. (SInv) [demonic ancestry]
  2599 | D:4      | Reached XP level 7. HP: 38/51 MP: 11/11
  2696 | D:4      | Learned a level 4 spell: Animate Dead
  2840 | D:5      | Entered Level 5 of the Dungeon
  2876 | D:5      | Reached * piety under Kikubaaqudgha
  2876 | D:5      | Received a gift from Kikubaaqudgha
  3304 | D:6      | Gained mutation: You regenerate health from kills. [demonic
                  | ancestry]
  3304 | D:6      | Reached XP level 8. HP: 32/58 MP: 12/12
  3382 | D:6      | Found a shimmering altar of Xom.
  3438 | D:6      | Learned a level 2 spell: Sublimation of Blood
  3440 | D:6      | Learned a level 1 spell: Kiss of Death
  3479 | D:6      | Reached skill level 6 in Necromancy
  3664 | D:6      | Reached ** piety under Kikubaaqudgha
  3724 | D:6      | Noticed Duvessa
  3726 | D:6      | Noticed Dowan
  3739 | D:6      | Slain by Duvessa

Illustrated notes

Levels and vault maps discovered:
D:1:      ebering_trefoil_3fold, layout_basic, st_stairs_14, serial_bayou_ford_a
D:2:      layout_basic, hangedman_decor_growths, minmay_close_crescents
D:3:      layout_rooms, mainiacjoe_overflow_concentric_impassable,
          mainiacjoe_overflow_paths, shapermc_ecumenical_altar_acropolis,
          chequers_serial_rivers_micro_b
D:4:      layout_basic, riverfiend_overflow_shadow_ancestor,
          minmay_temple_entry_glass, uniq_sigmund
D:5:      layout_gridville
D:6:      layout_basic, xom_teletrap_fun, uniq_duvessa
Temple:   nicolae_temple_elliptical

Skill      XL: |  1  2  3  4  5  6  7  8 |
---------------+-------------------------+-----
Necromancy     | 5 6 |  6.4
Stealth        | 2 |  2.9
Throwing       | 1 2 |  2.4
Axes           | 1 2 3 4 |  4.5
Armour         | 1 2 |  2.5
Fighting       | 1 2 4 |  4.2
Dodging        | 2 |  2.4
Evocations     | 1 2 |  2.9
Spellcasting   | 3 |  3.2

Action                     |  1- 3 |  4- 6 |  7- 9 || total
---------------------------+-------+-------+-------++-------
  Melee: Dagger            |    11 |       |       ||    11
         Unarmed           |    10 |       |       ||    10
         Battleaxe         |    60 |   103 |    90 ||   253
  Throw: Stone             |       |       |    18 ||    18
         Dart              |       |       |     9 ||     9
         Boomerang         |       |       |     3 ||     3
   Cast: Necrotise         |    28 |    19 |    26 ||    73
         Kiss of Death     |       |       |     1 ||     1
    Use: Scroll            |     2 |     1 |       ||     3
   Stab: Sleeping          |     2 |     6 |     3 ||    11
         Distracted        |       |       |     1 ||     1
 Armour: Robe              |     5 |       |       ||     5
         Leather armour    |    21 |    37 |    20 ||    78
  Dodge: Dodged            |    60 |    87 |    79 ||   226
